 Dungeon Crawl Stone Soup version 0.29-a0-194-g6e3aafee17 (webtiles) character file.

Game seed: 14020078152251704900

1233 Zeldest the Skirmisher (level 8, -4/73 HPs)
             Began as a Formicid Chaos Knight on Feb 22, 2022.
             Was a Plaything of Xom.
             Slain by an ogre
             ... wielding a +0 giant club
              (22 damage)
             ... on level 6 of the Dungeon.
             The game lasted 00:05:34 (4389 turns).

Zeldest the Skirmisher (Formicid Chaos Knight)      Turns: 4389, Time: 00:05:35

Health: -4/73      AC: 10    Str: 19    XL:     8   Next: 77%
Magic:  8/8        EV:  8    Int: 10    God:    Xom [...*..]
Gold:   338        SH:  0    Dex: 12    Spells: 7/7 levels left

rFire   + . .      SeeInvis +   g - +4 short sword
rCold   . . .      Faith    .   (no shield)
rNeg    . . .      Spirit   .   c - +0 chain mail
rPois   .          Reflect  .   (helmet unavailable)
rElec   .          Harm     .   (no cloak)
rCorr   +          Rampage  .   (no gloves)
Will    .....      Clarity  +   (no boots)
Stlth   ..........              n - amulet of the acrobat
HPRegen 0.22/turn               v - ring of resist corrosion
MPRegen 0.11/turn               u - ring of protection from fire

@: studying Polearms
A: permanent stasis, dig shafts and tunnels, antennae 3, four strong arms,
hooves 1, agile 1, clarity, dopey 1, sense surroundings 1, robust 1, screaming
1, wild magic 1
a: Dig, Shaft Self, Renounce Religion


You were on level 6 of the Dungeon.
You worshipped Xom.
You were a favourite toy of Xom.
You visited 1 branch of the dungeon, and saw 6 of its levels.

You collected 338 gold pieces.

Inventory:

Hand Weapons
 g - a +4 short sword (weapon)
Armour
 b - a +2 leather armour
 c - a +0 chain mail (worn)
 m - a +0 ring mail of fire resistance
Jewellery
 n - an amulet of the acrobat (around neck)
 u - a ring of protection from fire (right hand)
 v - a ring of resist corrosion (left hand)
Wands
 w - a wand of charming (7)
Scrolls
 a - a scroll of teleportation {unknown}
 e - 2 scrolls of immolation
 f - a scroll of fear {unknown}
 i - 2 scrolls of identify
 j - a scroll of holy word {unknown}
 k - 3 scrolls of vulnerability
 o - 2 scrolls of magic mapping {unknown}
 p - a scroll of noise {unknown}
 x - a scroll of enchant armour {unknown}
 y - a scroll of enchant weapon {unknown}
Potions
 d - a potion of magic {unknown}
 h - 2 potions of curing {unknown}
 l - a potion of resistance
 q - 2 potions of lignification
 r - a potion of attraction {unknown}
 s - a potion of might
 t - a potion of ambrosia
 z - a potion of heal wounds {unknown}


   Skills:
 + Level 7.1 Fighting
 - Level 5.2(6.2) Axes
 + Level 5.1(6.2) Polearms
 + Level 6.5 Armour
 - Level 0.8 Dodging


You had 7 spell levels left.
You didn't know any spells.
Your spell library contained the following spells:

 Spells                   Type           Power      Damage    Failure   Level
 Slow                     Hex            0%         N/A       99%         1
 Confusing Touch          Hex            0%         N/A       100%        3
 Tukima's Dance           Hex            0%         N/A       100%        3
 Vampiric Draining        Necr           0%         2d6       100%        3
 Anguish                  Hex/Necr       0%         N/A       100%        4
 Enfeeble                 Hex            0%         N/A       100%        7


Dungeon Overview and Level Annotations

Branches:
Dungeon (6/15)
 Temple: D:4-7

Altars:
Wu Jian

Shops:
D:2 (

Annotations:
D:4 3 runed translucent doors, hgbash's ghost, amateur DECj


Innate Abilities, Weirdness & Mutations

You cannot be hasted, slowed, berserked, paralysed or teleported.
You can dig through walls and to a lower floor.
You have a pair of large antennae on your head. (SInv)
Your four strong arms can wield two-handed weapons with a shield.
You have large cloven feet.
You are agile. (Dex +2)
You possess an exceptional clarity of mind.
You are dopey. (Int -2)
You passively map a small area around you.
You are robust. (+10% HP)
You occasionally shout uncontrollably at your foes.
Your spells are a little harder to cast, but a little more powerful.


Message History

The water moccasin zombie is almost destroyed.
The water moccasin zombie bites you but does no damage.
The water moccasin zombie barely misses you.
You hit the water moccasin zombie.
You destroy the water moccasin zombie!
Your base Polearms skill increases to level 5!
No target in view!
No target in view!
An ogre comes into view. It is wielding a +0 giant club.
The ogre shouts!
The ogre moves out of view.
No target in view!
Found a short sword.
Found a stone staircase leading up.
An ogre is nearby!
You hit the ogre. Your kick misses the ogre.
The ogre is lightly wounded.
The ogre barely misses you.
An ogre is nearby!
You hit the ogre. You kick the ogre, but do no damage.
The ogre is lightly wounded.
The ogre hits you but does no damage.
You hit the ogre. You kick the ogre, but do no damage.
The ogre is moderately wounded.
The ogre barely misses you.
You hit the ogre. You kick the ogre.
The ogre is heavily wounded.
You barely miss the ogre. You kick the ogre.
The ogre is heavily wounded.
The ogre hits you with a +0 giant club!
You hit the ogre. Your kick misses the ogre.
The ogre is severely wounded.
The ogre hits you with a +0 giant club!!
You hit the ogre.
The ogre is severely wounded.
The ogre hits you with a +0 giant club!!
* * * LOW HITPOINT WARNING * * *
You hit the ogre but do no damage. You kick the ogre.
The ogre is severely wounded.
The ogre hits you with a +0 giant club!!
You die...

....#...#....... .. *
... #'##########**.# .#
*
#####..######.####.##.##
* ,
.........#..............
.........#.............<
.........#..............
,
.........'..............
,
.........#..............
, ,
+###...#########@.###.#
* #...#* , #.O# ,*
,+...... ,,, .....
#...... ........ ,< ,
#......, , ........... ,
, #..... ...........) ,
####+####+### , , , , ,


You could see an ogre.

Vanquished Creatures
  A water moccasin (D:5)
  A black bear (D:5)
  2 ogres
  2 necrophages (D:4)
  A scorpion (D:5)
  A water moccasin zombie (D:6)
  A howler monkey (D:6)
  3 orc priests
  A bullfrog skeleton (D:5)
  A hound (D:5)
  2 centaur skeletons
  An iguana (D:5)
  Natasha (thrice) (D:3)
  4 orc wizards
  A hound skeleton (D:4)
  A gnoll (D:2)
  6 adders
  An ufetubus (D:4)
  2 worms
  10 orcs
  2 endoplasms
  11 giant cockroaches (D:2)
  3 goblins
  5 hobgoblins
  3 quokkas
  2 ball pythons (D:2)
  4 bats
  2 frilled lizards
  3 kobolds
  A rat (D:2)
81 creatures vanquished.

Notes
Turn   | Place    | Note
-------+----------+-------------------------------------------
     0 | D:1      | Zeldest the Formicid Chaos Knight began the quest for the
                  | Orb.
     0 | D:1      | Reached XP level 1. HP: 18/18 MP: 1/1
    68 | D:1      | XOM: divination: detect creatures
   229 | D:1      | Reached XP level 2. HP: 24/24 MP: 2/2
   982 | D:2      | Reached XP level 3. HP: 24/30 MP: 3/3
   995 | D:2      | XOM: summons 2 hostile demons
  1017 | D:2      | XOM is BORED!
  1017 | D:2      | XOM: summons 2 hostile demons
  1269 | D:2      | XOM: give mutations
  1269 | D:2      | Gained mutation: You are weak. (Str -2) [Xom's mischief]
  1269 | D:2      | Gained mutation: You are dopey. (Int -2) [Xom's mischief]
  1269 | D:2      | Gained mutation: You have large cloven feet. [Xom's
                  | mischief]
  1269 | D:2      | Gained mutation: You occasionally shout uncontrollably at
                  | your foes. [Xom's mischief]
  1596 | D:2      | XOM: noise
  1597 | D:2      | XOM: give mutations
  1597 | D:2      | Gained mutation: You are robust. (+10% HP) [Xom's grace]
  1597 | D:2      | Lost mutation: You are weak. (Str -2) [Xom's grace]
  1631 | D:2      | XOM: polymorph adder -> gnoll
  1750 | D:2      | Found Syschus's Antique Weapon Emporium.
  1757 | D:2      | Reached skill level 4 in Fighting
  1757 | D:2      | Reached XP level 4. HP: 38/40 MP: 4/4
  2010 | D:3      | You fall into a shaft and drop 2 floors!
  2010 | D:5      | Entered Level 5 of the Dungeon
  2010 | D:5      | Noticed a water moccasin
  2010 | D:5      | Noticed an ogre
  2013 | D:5      | XOM: cast spell 'Statue Form'
  2023 | D:5      | Killed a water moccasin
  2024 | D:5      | Reached XP level 5. HP: 41/47 MP: 5/5
  2028 | D:5      | Reached XP level 6. HP: 49/55 MP: 6/6
  2034 | D:5      | Killed an ogre
  2035 | D:5      | Reached skill level 5 in Fighting
  2043 | D:5      | XOM: scenery: 1 doors open
  2047 | D:5      | Noticed a black bear
  2062 | D:5      | Killed a black bear
  2062 | D:5      | XOM: fog
  2063 | D:5      | Reached XP level 7. HP: 58/61 MP: 7/7
  2245 | D:5      | Reached skill level 5 in Axes
  2252 | D:5      | Reached skill level 5 in Armour
  2309 | D:5      | XOM: god gift: manual of Polearms
  2458 | D:5      | Reached skill level 1 in Polearms
  2546 | D:5      | XOM: cloud trail
  2572 | D:4      | Found a runed translucent gate.
  2572 | D:4      | Found a runed translucent gate.
  2572 | D:4      | Noticed hgbash's ghost (amateur DECj)
  2683 | D:4      | Reached skill level 6 in Fighting
  2690 | D:4      | XOM: noise
  2704 | D:4      | Reached XP level 8. HP: 56/70 MP: 8/8
  2872 | D:3      | Found a faded altar of an unknown god.
  3065 | D:3      | XOM: stat loss: -1 Dex (9/10)
  3090 | D:3      | XOM: give mutations
  3090 | D:3      | Gained mutation: You passively map a small area around you.
                  | [Xom's grace]
  3090 | D:3      | Gained mutation: You are agile. (Dex +2) [Xom's grace]
  3090 | D:3      | Gained mutation: You possess an exceptional clarity of
                  | mind. [Xom's grace]
  3090 | D:3      | Gained mutation: Your spells are a little harder to cast,
                  | but a little more powerful. [Xom's grace]
  3270 | D:3      | Noticed Natasha
  3281 | D:3      | Killed Natasha
  3355 | D:3      | XOM: god gift: 23 gold pieces
  3415 | D:3      | Noticed Natasha
  3424 | D:3      | Killed Natasha
  3559 | D:3      | Found an ornate altar of the Wu Jian Council.
  3611 | D:3      | Noticed Natasha
  3619 | D:3      | Killed Natasha
  3659 | D:4      | XOM: enchant monster (good)
  3666 | D:4      | Found a runed translucent gate.
  3981 | D:4      | XOM: silly message
  4223 | D:5      | XOM: noise
  4315 | D:6      | Reached skill level 7 in Fighting
  4378 | D:6      | Reached skill level 5 in Polearms
  4389 | D:6      | Slain by an ogre

Illustrated notes

Levels and vault maps discovered:
D:1:      lightli_arrival_flooded_house, layout_basic, serial_park_tiny_1
D:2:      minmay_roachtagon, layout_loops_ring, serial_shops,
          nicolae_shop_waterfront, minmay_misc_feat_hallway
D:3:      cheibrodos_pilgrimage, layout_basic, amcnicky_altar_gilded,
          shapermc_ecumenical_altar_mp_highgroup, uniq_natasha
D:4:      layout_cave_pools, gammafunk_ghost_split, minmay_misc_feat_cross,
          kennysheep_generic_room_9
D:5:      layout_basic
D:6:      layout_gridville, grunt_decor_mini_mirrors, uniq_menkaure

Skill      XL: |  1  2  3  4  5  6  7  8 |
---------------+-------------------------+-----
Armour         | 3 4 5 6 |  6.5
Fighting       | 4 5 6 7 |  7.1
Axes           | 4 5 |  5.2
Polearms       | 2 5 |  5.1
Dodging        | |  0.8

Action                   |  1- 3 |  4- 6 |  7- 9 || total
-------------------------+-------+-------+-------++-------
Melee: Hand axe          |    12 |       |       ||    12
       Short sword       |    62 |    59 |   225 ||   346
       Kick              |     2 |    12 |    63 ||    77
       Punch             |     1 |       |     4 ||     5
 Abil: Dig               |       |     1 |     2 ||     3
  Use: Potion            |     1 |     1 |       ||     2
       Scroll            |       |       |     6 ||     6
Armor: Leather armour    |     4 |       |       ||     4
       Chain mail        |    67 |    16 |   107 ||   190
       Skin              |       |    41 |     6 ||    47
Dodge: Dodged            |    33 |    35 |    89 ||   157

Table legend: (Time is in decaauts)
 A = Elapsed time spent in this place.
 B = Non-inter-level travel time spent in this place.
 C = Inter-level travel time spent in this place.
 D = Time resting spent in this place.
 E = Time spent auto-exploring this place.
 F = Levels seen in this place.
 G = Mean time per level.
                   A        B        C        D        E       F      G
               +--------+--------+--------+--------+--------+-----+--------+
         Total |   4442 |   4153 |    289 |    970 |   2330 |   6 |  740.3 |
       Dungeon |   4442 |   4153 |    289 |    970 |   2330 |   6 |  740.3 |
               +--------+--------+--------+--------+--------+-----+--------+

Top non-repeatable levels by time:
     D:2: 1167 daAuts
     D:3: 878 daAuts
     D:1: 796 daAuts
     D:5: 777 daAuts
     D:4: 713 daAuts
     D:6: 109 daAuts
